Map: Efflorescence LE

Players

piliaborza

  • Race: Terran Terran
  • Spawn Location: 9:00

oVProdigyVo

  • Race: Zerg Zerg
  • Spawn Location: 6:00

OpuS

  • Race: Protoss Protoss
  • Spawn Location: 12:00

Sketchaphone

  • Race: Zerg Zerg
  • Spawn Location: 3:00

VOD

Have the link to the VOD?

Description

Time

  • Played on: Jan. 22, 2019, 4:58 p.m.
  • Length: 20:14
Show
View Real Time Build Order
Export as new Build Order

piliaborza Terran 

Build Orders:  

Get SALT Encoding   

  12  0:02  SCV  
  13  0:15  SCV  
  14  0:22  Supply Depot  
  14  0:28  SCV  
  15  0:43  SCV  
  15  0:44  Barracks  
  15  0:49  Refinery  
  16  0:53  Refinery  
  16  0:56  SCV  
  17  1:14  SCV  
  17  1:16  Barracks  
  18  1:26  SCV  
  19  1:34  Reaper  
  20  1:41  Barracks  
  20  1:44  SCV  
  21  1:56  SCV  
  22  2:05  Reaper  
  22  2:07  Supply Depot  
  23  2:28  Reaper  
  23  2:29  Reaper  
  25  2:30  Factory  
  25  2:33  SCV  
  26  2:42  Supply Depot  
  26  2:45  Reaper  
  27  3:04  Reaper x2  
  28  3:37  Reaper x2  
  28  3:38  Reaper  
  31  3:48  Factory Tech Lab  
  31  3:50  SCV  
  32  4:03  Supply Depot  
  32  4:09  Reaper x2  
  34  4:10  Reaper  
  34  4:36  Siege Tank  
  37  4:41  Reaper  
  37  4:42  Reaper x2  
  35  5:28  Reaper x3  
  35  5:41  Barracks  
  35  5:43  Barracks  
  35  5:46  Starport  
  29  6:00  Reaper  
  30  6:23  Marine x2  
  32  6:31  Marine, Siege Tank  
  36  6:35  Starport Reactor  
  36  6:37  Barracks Tech Lab x2  
  36  6:41  Marine  
  36  6:42  Barracks Reactor  
  37  6:50  Engineering Bay  
  37  6:56  Orbital Command  
  37  7:02  Supply Depot  
  37  7:09  Marine  
  37  7:10  Marine x2  
  37  7:13  Siege Tank, Command Center  
  43  7:15  Medivac  
  43  7:17  Marine  
  43  7:20  Combat Shield  
  46  7:27  Marine  
  46  7:34  Missile Turret  
  44  7:37  Missile Turret  
  44  7:41  Missile Turret  
  44  7:58  Stimpack  
  42  8:25  Marine x4  
  42  8:26  Marine x2  
  48  8:33  SCV x2  
  50  8:37  Refinery  
  50  8:42  Medivac x2  
  50  8:44  Marine x2  
  50  8:45  SCV x2  
  58  8:59  Marine x3  
  58  9:00  Marine  
  62  9:09  Siege Tank  
  65  9:10  SCV  
  50  10:02  Marine  
  50  10:03  Marine x5  
  50  10:05  SCV x2  
  54  10:10  Supply Depot  
  54  10:12  Supply Depot  
  54  10:14  Refinery  
  54  10:15  Terran Infantry Weapons Level 1  
  54  10:17  SCV x2  
  54  10:20  Marine x2  
  56  10:45  Marine x6  
  56  10:48  SCV x2  
  64  11:00  SCV x2  
  64  11:02  Marine  
  64  11:03  Marine  
  68  11:12  SCV  
  56  12:58  Marine x5  
  54  12:59  Marine  
  54  13:02  Siege Tank  
  54  13:03  Medivac  
  54  13:04  Medivac  
  66  13:06  SCV x2  
  68  13:16  Marine x6  
  74  13:34  Siege Tank  
  73  14:29  Marine x3  
  73  14:30  Marine x3  
  76  14:46  Terran Infantry Armor Level 1  
  76  14:47  Marine x4  
  76  14:52  Missile Turret  
  74  14:55  Missile Turret  
  74  15:01  Missile Turret  
  74  15:02  Missile Turret  
  74  15:03  Missile Turret  
  74  15:04  Missile Turret  
  74  15:07  Missile Turret  
  74  15:09  Command Center  
  74  15:12  Marine x4  
  74  15:13  Marine x2  
  80  15:19  Viking  
  80  15:20  Viking  
  83  15:25  Missile Turret  
  83  15:30  Marine x2  
  77  15:47  Marine x4  
  77  15:48  Marine x2  
  70  16:04  Marine x2  
  70  16:05  Marine x4  
  65  16:38  Marine x6  
  58  16:55  Marine  
  59  17:14  Barracks  
  59  17:15  Barracks, Refinery  
  59  17:17  Barracks, Planetary Fortress x2  
  59  17:19  Barracks  
  47  17:48  Marine x4  
  47  17:49  Marine x2  
  47  18:05  Barracks Reactor x4  
  47  18:06  Marine x4  
  47  18:09  Marine  
  47  18:10  Marine  
  53  18:17  Armory  
  50  18:23  Marine  
  50  18:24  Marine x3  
  51  18:29  Marine x2  
  45  18:41  Marine x2  
  45  18:42  Marine x2  
  45  18:47  Marine x2  
  43  18:48  Marine x2  
  43  18:49  Marine x2  
  50  18:58  Marine  
  50  19:01  Marine  
  50  19:03  Marine  
  45  19:12  Marine x2  
  45  19:13  Marine x4  
  45  19:16  Marine  
  49  19:23  Viking x2  
  51  19:30  Marine x2  
  51  19:31  Marine x2  
  46  19:44  Marine x2  
  46  19:48  Marine x2  
  41  19:55  Starport x2  
  41  19:59  Starport  
Show
View Real Time Build Order
Export as new Build Order

oVProdigyVo Zerg 

Build Orders: Hatch First 

Get SALT Encoding   

  12  0:01  Drone  
  13  0:08  Drone  
  14  0:18  Overlord  
  14  0:37  Drone  
  14  0:38  Drone x2  
  17  0:50  Drone  
  18  0:59  Hatchery  
  18  1:02  Extractor  
  16  1:14  Spawning Pool  
  16  1:17  Drone  
  16  1:20  Drone  
  16  1:24  Drone  
  18  1:32  Overlord  
  18  1:54  Drone x2  
  20  2:02  Queen  
  20  2:04  Metabolic Boost  
  22  2:10  Spine Crawler  
  21  2:18  Drone  
  21  2:21  Queen  
  24  2:35  Drone x3  
  28  2:51  Zergling x8  
  31  3:08  Zergling x6  
  31  3:09  Spine Crawler  
  32  3:23  Zergling x8  
  36  3:31  Overlord x2  
  32  4:05  Evolution Chamber  
  31  4:10  Evolution Chamber, Zergling x2  
  31  4:11  Zergling x16  
  39  4:25  Drone x3  
  39  4:31  Spine Crawler  
  37  4:45  Drone x2  
  37  4:46  Drone x2  
  40  4:54  Lair  
  40  4:58  Drone  
  40  4:59  Drone  
  38  5:23  Zergling x10  
  38  5:24  Zergling x6  
  46  5:34  Extractor  
  46  5:35  Drone x2  
  49  5:44  Overlord  
  47  6:02  Zerg Ground Armor Level 1  
  44  6:07  Spire  
  43  6:14  Drone x4  
  43  6:15  Drone x6  
  52  6:33  Spine Crawler  
  52  6:35  Spine Crawler  
  52  6:37  Spine Crawler x2  
  48  6:40  Extractor  
  48  6:41  Drone x2  
  48  6:42  Extractor  
  48  6:50  Drone  
  48  6:51  Drone x2  
  52  7:01  Drone x3  
  54  7:18  Overlord x3  
  54  7:23  Drone  
  55  7:37  Mutalisk x3  
  55  7:38  Mutalisk x5  
  71  7:57  Mutalisk x2  
  75  7:59  Mutalisk  
  64  8:17  Mutalisk  
  64  8:18  Mutalisk  
  68  8:28  Zergling x6  
  68  8:29  Zergling x4  
  73  8:44  Spore Crawler  
  73  8:48  Spore Crawler x2  
  71  8:52  Spore Crawler  
  69  8:56  Drone x3  
  69  8:58  Overlord x3  
  72  9:15  Mutalisk x6  
  84  9:27  Hatchery  
  81  9:41  Queen  
  83  9:48  Zergling x10  
  83  9:51  Zerg Ground Armor Level 2, Zerg Melee Weapons Level 1  
  85  10:18  Mutalisk  
  85  10:19  Mutalisk x2  
  85  10:20  Mutalisk  
  86  10:45  Zergling x4  
  86  10:46  Zergling x8  
  92  10:57  Drone x4  
  95  10:58  Queen  
  98  11:06  Hatchery  
  98  11:09  Mutalisk x3  
  90  11:48  Mutalisk x6  
  100  12:00  Zergling x2  
  99  12:01  Zergling x10  
  99  12:02  Zergling x4  
  104  12:12  Zergling x6  
  105  12:19  Drone  
  103  12:32  Zerg Melee Weapons Level 2, Zerg Missile Weapons Level 1  
  95  12:52  Zergling x16  
  95  12:53  Zergling x8  
  106  13:03  Drone  
  106  13:04  Drone x3  
  108  13:18  Overlord  
  108  13:19  Overlord x3  
  107  13:20  Zerg Flyer Weapons Level 1  
  107  13:26  Drone x5  
  107  13:27  Drone x4  
  114  13:29  Extractor  
  114  13:31  Extractor  
  114  13:56  Drone x3  
  114  13:57  Drone x9  
  114  13:58  Drone x5  
  115  14:21  Zergling x2  
  115  14:22  Zergling x14  
  104  14:34  Spore Crawler  
  104  14:37  Spore Crawler  
  101  14:38  Spore Crawler x3  
  101  14:42  Spore Crawler  
  101  14:44  Spore Crawler x2  
  95  14:50  Zergling x4  
  95  14:51  Zergling x16  
  95  14:52  Zergling x4  
  107  15:02  Zergling x2  
  107  15:03  Zergling x8  
  107  15:06  Infestation Pit  
  111  15:08  Zergling x2  
  112  15:20  Zergling x6  
  112  15:21  Zergling x2  
  116  15:38  Spore Crawler  
  116  15:41  Spore Crawler  
  116  15:42  Spore Crawler x2  
  113  15:44  Spore Crawler  
  113  15:46  Spore Crawler  
  108  15:53  Zergling x12  
  108  15:54  Zergling x16  
  120  16:01  Hive  
  113  16:35  Hatchery  
  112  16:44  Hatchery  
  111  16:48  Hatchery  
  104  16:57  Zergling x14  
  104  16:58  Zergling x14  
  104  16:59  Zergling x2  
  94  17:17  Zerg Flyer Weapons Level 2  
  86  17:26  Zergling x12  
  86  17:27  Zergling x6  
  82  17:48  Zergling x10  
  82  17:49  Zergling x18  
  82  17:50  Zergling x6  
  99  17:57  Zergling x2  
  99  17:58  Zergling x10  
  105  18:10  Drone  
  105  18:11  Queen  
  108  18:13  Queen  
  108  18:15  Drone x2  
  112  18:29  Zergling x4  
  112  18:30  Zergling x14  
  112  18:31  Zergling x18  
  112  18:32  Zergling x6  
  133  18:43  Zergling x6  
  133  18:44  Zergling x18  
  141  19:40  Corruptor x6  
  141  19:41  Corruptor x7  
  141  19:42  Corruptor  
  141  19:44  Overlord x4  
Show
View Real Time Build Order
Export as new Build Order

OpuS Protoss 

Build Orders:  

Get SALT Encoding   

  12  0:01  Probe  
  13  0:13  Probe  
  14  0:23  Pylon  
  14  0:27  Probe  
  15  0:37  Probe  
  16  0:45  Probe  
  17  1:06  Nexus  
  17  1:10  Probe  
  18  1:15  Assimilator  
  18  1:22  Probe  
  19  1:29  Gateway  
  19  1:32  Probe  
  20  1:41  Probe, Forge  
  21  1:50  Probe, Assimilator  
  22  2:01  Pylon  
  22  2:09  Probe  
  23  2:21  Probe  
  24  2:23  Probe  
  24  2:26  Cybernetics Core  
  25  2:38  Probe x2  
  27  2:49  Photon Cannon  
  27  2:53  Stalker, Pylon  
  29  3:08  Probe  
  28  3:26  Stalker  
  30  3:36  Photon Cannon  
  29  3:53  Pylon  
  29  3:54  Probe x2  
  31  4:05  Stalker  
  31  4:09  Stargate  
  31  4:11  Probe x2  
  33  4:29  Photon Cannon  
  30  4:32  Photon Cannon  
  26  5:05  Probe  
  24  6:23  Void Ray  
  24  6:36  Probe  
  24  6:38  Pylon  
  25  6:44  Probe  
  25  6:54  Probe  
  26  6:59  Pylon  
  27  7:04  Void Ray  
  31  7:37  Nexus  
  31  7:41  Probe  
  32  8:04  Fleet Beacon  
  32  8:06  Probe  
  33  8:18  Probe  
  34  8:22  Phoenix  
  32  8:37  Probe  
  33  8:46  Tempest  
  33  8:49  Probe  
  33  8:50  Probe  
  35  9:01  Probe  
  35  9:02  Probe  
  42  9:06  Assimilator  
  42  9:10  Assimilator  
  42  9:15  Pylon  
  42  9:16  Tempest  
  47  9:35  Probe x2  
  49  9:56  Probe  
  49  9:57  Probe  
  51  10:01  Stargate  
  51  10:09  Tempest, Probe x2  
  53  10:21  Probe  
  59  10:22  Nexus  
  59  10:25  Pylon  
  59  10:34  Probe x2  
  61  10:35  Tempest  
  61  10:46  Probe  
  67  10:50  Protoss Air Weapons Level 1  
  67  11:03  Probe x2  
  69  11:11  Tempest  
  69  11:15  Probe  
  75  11:33  Tempest  
  75  11:34  Probe  
  80  11:46  Probe  
  81  11:54  Tempest  
  81  11:56  Stargate  
  81  11:58  Probe  
  78  12:11  Probe  
  64  12:16  Probe x2  
  64  12:20  Stargate  
  61  12:22  Stargate  
  61  12:23  Probe  
  61  12:24  Stargate  
  62  12:31  Probe x2  
  62  12:34  Assimilator  
  62  12:35  Probe  
  65  12:39  Assimilator, Phoenix x2  
  65  12:40  Phoenix  
  71  12:47  Probe  
  67  12:57  Probe x2  
  69  12:58  Protoss Air Weapons Level 2  
  69  12:59  Probe  
  69  13:02  Cybernetics Core  
  69  13:05  Phoenix  
  67  13:14  Phoenix  
  67  13:15  Phoenix  
  71  13:23  Probe x3, Phoenix  
  71  13:24  Phoenix x2  
  80  13:33  Phoenix  
  82  13:38  Nexus  
  82  13:40  Phoenix  
  85  13:48  Probe x2  
  85  13:49  Probe  
  85  13:50  Phoenix  
  89  13:55  Protoss Shields Level 1  
  89  14:00  Probe  
  79  14:21  Phoenix x4  
  79  14:22  Phoenix  
  72  15:03  Pylon  
  72  15:04  Pylon  
  72  15:06  Pylon  
  72  15:08  Pylon  
  72  15:09  Pylon  
  72  15:16  Carrier  
  72  15:18  Carrier  
  78  15:24  Carrier  
  33  17:12  Nexus  
  33  17:22  Nexus  
  29  18:39  Probe  
  30  19:24  Probe  
  29  19:36  Probe  
Show
View Real Time Build Order
Export as new Build Order

Sketchaphone Zerg 

Build Orders: Hatch First 

Get SALT Encoding   

  12  0:02  Drone  
  13  0:13  Overlord  
  13  0:20  Drone  
  14  0:23  Drone, Extractor  
  15  0:32  Drone  
  16  0:42  Drone  
  17  0:59  Hatchery  
  17  1:00  Drone  
  17  1:02  Extractor  
  17  1:04  Drone  
  17  1:23  Drone  
  18  1:26  Spawning Pool  
  18  1:29  Drone x2  
  19  1:41  Drone  
  20  1:50  Overlord  
  20  2:13  Metabolic Boost  
  20  2:16  Spine Crawler  
  20  2:17  Zergling x4  
  20  2:18  Zergling x2  
  20  2:21  Queen  
  24  2:23  Zergling x2  
  24  2:27  Zergling x2  
  26  2:41  Zergling x4  
  28  2:49  Zergling x2  
  28  2:50  Zergling x2  
  31  2:54  Queen  
  31  2:55  Baneling Nest  
  31  2:57  Spine Crawler  
  31  3:08  Drone  
  31  3:09  Drone  
  32  3:26  Spine Crawler  
  31  3:36  Drone  
  31  3:37  Overlord, Drone  
  31  3:40  Baneling x3  
  33  3:48  Zergling x4, Drone x2  
  32  3:54  Drone  
  35  4:10  Drone x2  
  37  4:17  Spine Crawler, Zergling x4  
  37  4:21  Drone x2  
  40  4:29  Hatchery  
  32  4:49  Roach Warren  
  31  5:02  Zergling x14  
  31  5:03  Zergling x4  
  38  5:15  Zergling x4  
  38  5:19  Zergling x2  
  41  5:23  Baneling x2  
  41  5:24  Baneling x2  
  41  5:25  Baneling  
  41  5:26  Baneling x2  
  41  5:27  Zergling x6  
  41  6:03  Overlord, Drone x3  
  44  6:04  Roach x2  
  44  6:05  Roach  
  44  6:06  Overlord  
  44  6:10  Overlord x2  
  50  6:16  Queen, Evolution Chamber  
  50  6:17  Evolution Chamber  
  44  6:37  Roach x10  
  64  6:42  Drone x2  
  64  6:44  Drone  
  67  6:49  Drone x2  
  69  7:11  Lair  
  69  7:13  Zerg Ground Armor Level 1  
  69  7:14  Drone  
  69  7:15  Overlord, Drone  
  71  7:25  Drone x2  
  73  7:30  Drone x2  
  73  7:36  Overlord  
  75  7:37  Overlord  
  75  7:38  Zergling x6  
  75  7:39  Drone  
  69  8:07  Ravager  
  70  8:14  Roach x3  
  70  8:15  Roach x2  
  74  8:21  Spore Crawler, Extractor  
  74  8:25  Spore Crawler  
  60  8:35  Spore Crawler  
  60  8:37  Spore Crawler, Extractor  
  60  8:38  Extractor  
  56  8:48  Zerg Missile Weapons Level 1  
  56  8:50  Hydralisk Den  
  56  8:54  Zergling x18  
  56  8:55  Drone x2  
  66  8:58  Extractor  
  65  9:08  Overlord  
  65  9:10  Roach x3  
  65  9:13  Zergling x14  
  78  9:18  Hydralisk  
  78  9:33  Hydralisk  
  78  9:34  Hydralisk x2  
  83  9:39  Drone  
  84  9:46  Hydralisk x2  
  81  10:07  Hydralisk x3  
  81  10:09  Hydralisk  
  84  10:17  Hydralisk  
  84  10:21  Hydralisk  
  62  10:48  Hydralisk x4  
  62  10:54  Lurker Den  
  62  10:55  Hydralisk  
  63  10:58  Drone  
  63  11:02  Drone  
  65  11:06  Drone x2  
  67  11:17  Drone  
  67  11:18  Drone x2  
  61  11:31  Hydralisk x3  
  61  11:37  Hydralisk  
  61  11:40  Hydralisk  
  63  12:05  Hydralisk x4  
  68  12:16  Hydralisk  
  68  12:18  Roach  
  68  12:19  Roach  
  72  12:28  Roach  
  72  12:29  Roach  
  76  12:30  Lurker  
  76  12:31  Lurker x2  
  32  13:00  Spore Crawler x2  
  32  13:01  Spore Crawler  
  32  13:02  Spore Crawler x2  
  25  13:27  Spawning Pool  
  19  14:16  Spine Crawler  
  10  14:19  Spine Crawler x2  
  10  14:20  Spine Crawler  
  1  14:45  Drone x2  
  1  14:46  Drone x4  
  7  15:18  Spine Crawler  
  6  15:32  Drone  
  6  15:34  Drone  
Tags
 
Add a new tag
Caveats
  • Supply blocks, unpowered buildings, or Contaminate may cause inaccurate times.
  • Supply counts are checked every 10 seconds.